 Dungeon Crawl Stone Soup version 0.17-a0-1181-gabc46e6 (webtiles) character file.

2948 Murumi the Holy Warrior (level 10, -9/79 HPs)
             Began as a Formicid Fighter on June 1, 2015.
             Was a Priest of the Shining One.
             Mangled by a lorocyproca (27 damage)
             ... on level 1 of the Abyss.
             The game lasted 00:38:51 (6940 turns).

Murumi the Holy Warrior (Formicid Fighter)          Turns: 6940, Time: 00:38:51

Health: -9/79      AC: 14    Str: 29    XL:     10   Next: 7%
Magic:  7/17       EV: 11    Int:  8    God:    the Shining One [***...]
Gold:   311        SH: 22    Dex: 10    Spells: 0 memorised, 9 levels left

rFire  . . .     SeeInvis +     a - +1 long sword
rCold  . . .     Clarity  .     z - +2 plate armour {rPois}
rNeg   + + .     SustAt   .     c - +1 shield
rPois  +         Gourm    .     (helmet unavailable)
rElec  .         Spirit   .     (no cloak)
rCorr  .         Warding  .     (no gloves)
rMut   .         Stasis   +     (no boots)
MR     +....                    (no amulet)
Stlth  ..........               g - ring of positive energy
                                o - +3 ring of evasion

@: mighty, divine shield, glowing, somewhat resistant to hostile enchantments,
extremely unstealthy
A: permanent stasis, dig shafts and tunnels, four strong arms, antennae 3
a: Dig, Shaft Self, Divine Shield, Renounce Religion


You were on level 1 of the Abyss.
You worshipped the Shining One.
The Shining One was most pleased with you.
You were not hungry.

You visited 1 branch of the dungeon, and saw 7 of its levels.
You visited the Abyss 1 time.
You also visited: Sewer and Ossuary.

You collected 311 gold pieces.

Inventory:

Hand weapons
 a - a +1 long sword (weapon)
Armour
 c - a +1 shield (worn)
 z - a +2 plate armour of poison resistance (worn)
 B - a +0 cloak
Rods
 A - a +3 iron rod (10/10)
   (You found it on level 1 of the Abyss)
Jewellery
 g - a ring of positive energy (right hand)
 n - an uncursed ring of sustain attributes
 o - a +3 ring of evasion (left hand)
 p - an uncursed ring of ice
Magical devices
 u - a wand of magic darts (43)
 y - a wand of enslavement (14)
Scrolls
 f - 4 scrolls of amnesia
 w - a scroll of enchant weapon
Potions
 b - 4 potions of poison {unknown}
 d - a potion of might
 h - a potion of agility
 i - 3 potions of resistance
 j - 2 potions of magic
 l - 3 potions of brilliance {unknown}
 m - a potion of heal wounds
 s - 2 potions of curing {unknown}
 v - a potion of cure mutation {unknown}
 x - 3 potions of lignification {unknown}
Comestibles
 e - 3 bread rations
 k - 4 fruits
 q - a royal jelly
 t - a slice of pizza


   Skills:
 - Level 7.0 Fighting
 - Level 4.1 Long Blades
 - Level 6.0 Armour
 - Level 3.0 Dodging
 - Level 7.0 Shields
 + Level 9.9 Invocations


You had 9 spell levels left.
You didn't know any spells.

Dungeon Overview and Level Annotations

Branches:
Dungeon (7/15)             Temple (0/1) D:5

Altars:
Dithmenos
Elyvilon
Nemelex Xobeh
Okawaru
Vehumet
Xom
The Shining One


Innate Abilities, Weirdness & Mutations

You are under a permanent stasis effect.
You can dig through walls and to a lower floor.
Your four strong arms can wield two-handed weapons with a shield.
You have a pair of large antennae on your head (SInv).


Message History

You stop putting on your armour.
The lorocyproca gives a chilling moan.
Read which item? (? for menu, Esc to quit)
As you read the scroll of fog, it crumbles to dust.
The scroll dissolves into smoke.
Found a red potion.
You see here a red potion.
s - 2 red potions (gained 1) Use which ability? (? or * to list)
Your divine shield is renewed.
You feel slightly more hungry.
Use which ability? (? or * to list)
Okay, then.
Drink which item? (? for menu, Esc to quit)
You feel very mighty all of a sudden.
The lorocyproca hits you but does no damage.
You closely miss the lorocyproca. The lorocyproca hits you!
* * * LOW HITPOINT WARNING * * *
You feel your power leaking away. The lorocyproca hits you!!
You die...

. #....# ##. ##
# ##.#.#. #. #
# #.....#.#.. {
..#. #.#.. .##
. . .#.#....# #
##.#.§§ §# . ##
### ## ## ...
#.§ #§#.#.# .
#.#.#§§##.@#
#...#.#§ ###2##
## .###.§2#.#.#
.#.......#.#..#
...#. .##2. .##
# #.######.##.
..... #..###
#...# #### .#.


You could see a lorocyproca (invisible).

Vanquished Creatures
  The ghost of Clst the Covered, an experienced MiFi of Dithmenos (D:6)
  A sixfirhy (Abyss:1)
  2 large abominations (Abyss:1)
  The ghost of Murumi the Shield-Bearer, an average FoFi (D:4)
  Duvessa (D:5)
  3 sky beasts (D:5)
  An orc warrior (D:6)
  2 ogres (D:4)
  Dowan (D:5)
  A centaur skeleton (D:4)
  An orc priest (D:6)
  6 hounds
  3 orc wizards
  3 worker ants
  3 mummies (Ossuary)
  3 adders
  8 river rats
  14 gnolls
  4 oozes
  A worm (D:4)
  A worm zombie (D:6)
  An adder skeleton (D:5)
  5 adder zombies (Ossuary)
  20 orcs
  2 ball pythons (Sewer)
  11 bats
  3 bat skeletons (D:5)
  10 goblins
  11 hobgoblins
  10 jackals
  14 kobolds
  6 quokkas
  8 giant cockroaches
  14 giant newts
  A gnoll zombie (Ossuary)
  5 goblin zombies (Ossuary)
  2 hobgoblin zombies (Ossuary)
  2 jackal skeletons (D:4)
  2 kobold zombies
  4 quokka zombies (Ossuary)
  29 rats
  A rat zombie (D:6)
222 creatures vanquished.

Notes
Turn   | Place    | Note
--------------------------------------------------------------
     0 | D:1      | Murumi the Formicid Fighter began the quest for the Orb.
     0 | D:1      | Reached XP level 1. HP: 18/18 MP: 1/1
    88 | D:1      | Reached skill level 4 in Shields
    88 | D:1      | Reached XP level 2. HP: 24/24 MP: 2/2
   218 | D:1      | Reached XP level 3. HP: 27/29 MP: 3/3
   265 | D:1      | Reached skill level 5 in Shields
   426 | D:1      | Reached skill level 1 in Dodging
   465 | D:1      | Found a shimmering altar of Xom.
   746 | D:2      | Found an iron altar of Okawaru.
   770 | D:2      | Reached XP level 4. HP: 31/35 MP: 4/4
  1192 | D:2      | Found a white marble altar of Elyvilon.
  1192 | D:2      | Found a glowing golden altar of the Shining One.
  1192 | D:2      | Found a shimmering altar of Xom.
  1198 | D:2      | Became a worshipper of the Shining One
  1723 | D:3      | Reached XP level 5. HP: 21/42 MP: 5/5
  2107 | D:3      | Found a sparkling altar of Nemelex Xobeh.
  2667 | D:4      | Reached XP level 6. HP: 35/48 MP: 6/6
  2875 | D:4      | Noticed an ogre
  2875 | D:4      | Acquired the Shining One's first power
  2884 | D:4      | Killed an ogre
  2884 | D:4      | Reached XP level 7. HP: 45/54 MP: 7/7
  3112 | D:4      | Noticed Murumi's ghost (average FoFi)
  3123 | D:4      | Killed Murumi's ghost
  3123 | D:4      | Reached skill level 5 in Armour
  3135 | D:4      | Reached skill level 6 in Armour
  3171 | D:4      | Found a radiant altar of Vehumet.
  3487 | D:4      | Reached skill level 5 in Fighting
  3487 | D:4      | Reached XP level 8. HP: 33/62 MP: 8/8
  3703 | D:5      | Entered Level 5 of the Dungeon
  3703 | D:5      | Noticed Duvessa
  3707 | D:5      | Noticed Dowan
  3715 | D:5      | Killed Duvessa
  3721 | D:5      | Killed Dowan
  3743 | D:5      | HP: 3/65 [hound (5)]
  3749 | D:5      | Found a shadowy altar of Dithmenos.
  3878 | D:5      | Found a glowing drain.
  3883 | D:5      | Reached skill level 7 in Fighting
  3901 | Sewer    | Entered a sewer
  3984 | Sewer    | Reached skill level 1 in Invocations
  4777 | D:5      | Found a staircase to the Ecumenical Temple.
  5314 | D:5      | Reached skill level 5 in Invocations
  5314 | D:5      | Reached XP level 9. HP: 59/72 MP: 12/12
  5445 | D:6      | Found a sand-covered staircase.
  5460 | D:6      | Acquired the Shining One's second power
  5464 | Ossuary  | Entered an ossuary
  5844 | D:6      | Noticed Clst's ghost (experienced MiFi)
  6575 | D:6      | Killed Clst's ghost
  6774 | D:7      | Cast into the Abyss (orc warrior)
  6800 | Abyss:1  | Noticed a large abomination
  6823 | Abyss:1  | Killed a large abomination
  6823 | Abyss:1  | Reached skill level 8 in Invocations
  6862 | Abyss:1  | Noticed a sixfirhy
  6890 | Abyss:1  | Killed a sixfirhy
  6890 | Abyss:1  | Reached skill level 9 in Invocations
  6890 | Abyss:1  | Reached XP level 10. HP: 27/79 MP: 15/17
  6925 | Abyss:1  | Noticed a lorocyproca
  6940 | Abyss:1  | Mangled by a lorocyproca

Vault maps used:
D:1:      sevenhm_arrival_forest_fort_small_4, xom_teletrap_fun
D:2:      okawaru_gym_becter, gammafunk_temple_overflow_forgotten,
          serial_forest, infiniplex_forest_clump_large,
          infiniplex_forest_lined_room_, infiniplex_forest_end_2,
          infiniplex_forest_clump_C, infiniplex_forest_lined_corner,
          grunt_ministairs_8
D:3:      nemelex_xobeh_ov_fountains_minmay, first_bread
D:4:      lemuel_doored_altar
D:5:      temple_pool_b, portal_sewer_entry_b, lemuel_tele_altar, uniq_duvessa
D:6:      enter_ossuary_3
D:7:      corexii_shantytown
Sewer:    sewer_co_cracked_pipes
Ossuary:  ossuary_minmay_chase

Action                   |  1- 3 |  4- 6 |  7- 9 | 10-12 || total
-------------------------+-------+-------+-------+-------++-------
Melee: Long sword        |   130 |   211 |   464 |    17 ||   822
Invok: Divine Shield     |       |       |     5 |     2 ||     7
 Abil: Dig               |       |     2 |    12 |       ||    14
  Use: Scroll            |     6 |     6 |     7 |     1 ||    20
       Potion            |       |       |     3 |     4 ||     7
  Eat: Chunk             |       |     7 |    10 |       ||    17
       Bread ration      |       |       |     2 |       ||     2
       Meat ration       |       |       |     1 |       ||     1
